 Dungeon Crawl Stone Soup version 0.31-a0-1074-g0b22e4e0f1 (webtiles) character file.

Game seed: 16833074092007897059

191 DApurpleWHUMPUS the Conjurer (level 6, -13/41 HPs)
             Began as a Human Conjurer on Nov 27, 2023.
             Mangled by an ogre
             ... wielding a +0 giant club
              (30 damage)
             ... on level 4 of the Dungeon.
             The game lasted 00:04:27 (3468 turns).

DApurpleWHUMPUS the Conjurer (Human Conjurer)       Turns: 3468, Time: 00:04:27

Health: -13/41     AC:  2    Str:  8    XL:     6   Next: 1%
Magic:  1/12       EV: 12    Int: 18    God:
Gold:   171        SH:  0    Dex: 13    Spells: 7/13 levels left

rFire   + . .        q - staff of cold
rCold   + + +        (no shield)
rNeg    . . .        a - +0 robe
rPois   .            (no helmet)
rElec   .            s - scarf {rC+ rF+}
rCorr   .            (no gloves)
SInv    .            (no boots)
Will    .....        (no amulet)
Stlth   ++           f - ring of protection from cold
HPRegen 0.26/turn    (no ring)
MPRegen 0.13/turn

%: no passive effects
@: no status effects
A: no striking features
a: no special abilities


You were on level 4 of the Dungeon.
You visited 1 branch of the dungeon, and saw 4 of its levels.

You collected 171 gold pieces.

Inventory:

Hand Weapons
 d - a +0 dagger
Armour
 a - a +0 robe (worn)
 j - a scarf of shadows
 s - a scarf of resistance (worn)
Magical Staves
 q - a staff of cold (weapon)
Jewellery
 f - a ring of protection from cold (left hand)
 o - a ring of positive energy
Scrolls
 c - a scroll of noise {unknown}
 e - a scroll of immolation {unknown}
 g - a scroll of enchant weapon {unknown}
 k - a scroll of amnesia {unknown}
 m - 8 scrolls of identify {unknown}
 n - 2 scrolls of enchant armour {unknown}
 r - a scroll of brand weapon {unknown}
 t - a scroll of summoning {unknown}
Potions
 b - a potion of magic
 h - 2 potions of curing
 i - a potion of cancellation {unknown}
 l - 2 potions of brilliance {unknown}
 p - a potion of might {unknown}


   Skills:
 - Level 2.0 Dodging
 - Level 2.0 Stealth
 + Level 4.0 Spellcasting
 + Level 5.5 Conjurations


You had 7 spell levels left.
You knew the following spells:

 Your Spells              Type           Power      Damage    Failure   Level
a - Magic Dart            Conj           92%        1d7       1%          1
b - Dazzling Flash        Conj/Hex       26%        N/A       14%         3
c - Searing Ray           Conj           46%        2d6       2%          2

Your spell library contained the following spells:

 Spells                   Type           Power      Damage    Failure   Level
 Tukima's Dance           Hex            3%         N/A       41%         3
 Fulminant Prism          Conj/Hex       6%         3d7       43%         4
 Iskenderun's Mystic Bla  Conj/Tloc      13%        2d5       43%         4
 Dimensional Bullseye     Hex/Tloc       1%         N/A       82%         4


Dungeon Overview and Level Annotations

Branches:
Dungeon (4/15)
 Temple: D:4-7

Altars:
Ashenzari
Elyvilon


Message History

Confirm with . or Enter, or press ? or * to list all spells.
You can't see any susceptible monsters within range! (Use Z to cast anyway.)
Casting: Magic Dart (safe; 1% risk of failure)
Confirm with . or Enter, or press ? or * to list all spells.
Aiming: Searing Ray (safe; 2% risk of failure)
Press: ? - help, Shift-Dir - straight line, f - ogre
Aim: an ogre, wielding a +0 giant club (89% to hit)
The searing ray hits the ogre.
The ogre is lightly wounded. (Press . to maintain the ray.)
The searing ray hits the ogre.
The ogre is moderately wounded.
The searing ray hits the ogre.
The ogre is moderately wounded.
The searing ray hits the ogre!
The ogre is severely wounded.
You finish channelling your searing ray.
The ogre hits you with a +0 giant club!
Casting: Searing Ray (safe; 2% risk of failure)
Confirm with . or Enter, or press ? or * to list all spells.
Aiming: Searing Ray (safe; 2% risk of failure)
Press: ? - help, Shift-Dir - straight line, f/p - ogre
Aim: an ogre, wielding a +0 giant club (severely wounded, 89% to hit)
The searing ray hits the ogre.
The ogre is severely wounded. (Press . to maintain the ray.)
The ogre closely misses you. The ogre attacks as it pursues you!
The ogre hits you with a +0 giant club!
Casting: Searing Ray (safe; 2% risk of failure)
Confirm with . or Enter, or press ? or * to list all spells.
Aiming: Magic Dart (safe; 1% risk of failure)
Press: ? - help, Shift-Dir - straight line, f/p - ogre
Aim: an ogre, wielding a +0 giant club (severely wounded, 100% to hit)
The magic dart hits the ogre.
The ogre is almost dead.
The ogre attacks as it pursues you! The ogre misses you.
The ogre attacks as it pursues you!
The ogre hits you with a +0 giant club!!
Ouch! That really hurt!
You die...

#...## #(#).. ###
######...## #.. ....<...###
########.# #####......
.......#.# #..)..#
######.#.#
################....(#
#.#.###....................#
#.........O@....†#####.....#
###.###.########...........#
#.# #.# ########.#### #.#
#.# #.# #.# #.# #.# #.# ...
#.# #.# ### #.# #.. .# ...


You could see an ogre.

Vanquished Creatures
  A phantom (D:3)
  A hound (D:3)
  3 adders
  2 worms (D:3)
  A dart slug (D:2)
  An orc (D:4)
  7 ball pythons
  3 endoplasms
  A giant cockroach (D:1)
  7 goblins
  3 hobgoblins
  4 jackals (D:4)
  2 quokkas (D:2)
  2 bats
  4 frilled lizards
  6 kobolds
  4 rats
52 creatures vanquished.

Notes
Turn   | Place    | Note
-------+----------+-------------------------------------------
     0 | D:1      | DApurpleWHUMPUS the Human Conjurer began the quest for the
                  | Orb.
     0 | D:1      | Reached XP level 1. HP: 13/13 MP: 3/3
   228 | D:1      | Reached XP level 2. HP: 19/19 MP: 3/5
   738 | D:1      | Reached XP level 3. HP: 24/24 MP: 4/6
  1065 | D:2      | Learned a level 3 spell: Dazzling Flash
  1300 | D:2      | Reached XP level 4. HP: 30/30 MP: 2/8
  1762 | D:3      | Noticed a phantom
  1780 | D:3      | Killed a phantom
  1781 | D:3      | Reached skill level 5 in Conjurations
  1781 | D:3      | Reached XP level 5. HP: 19/35 MP: 0/10
  2321 | D:3      | You fall into a shaft and drop 1 floor!
  2582 | D:3      | Found a broken altar of Ashenzari.
  2582 | D:3      | Found a white marble altar of Elyvilon.
  3161 | D:4      | Learned a level 2 spell: Searing Ray
  3443 | D:4      | Noticed an ogre
  3446 | D:4      | Reached XP level 6. HP: 41/41 MP: 6/12
  3468 | D:4      | Mangled by an ogre

Illustrated notes

Levels and vault maps discovered:
D:1:      tekkud_arrival_beachfront_property, layout_basic
D:2:      layout_rooms
D:3:      layout_basic, mainiacjoe_overflow_divided_tiny
D:4:      layout_loops_ring, general_overflow_altar

Skill      XL: |  1  2  3  4  5 |
---------------+----------------+-----
Spellcasting   | 3 4 |  4.0
Conjurations   | 5 |  5.5
Dodging        | |  2.0
Stealth        | |  2.0

Action                     |  1- 3 |  4- 6 || total
---------------------------+-------+-------++-------
  Melee: Dagger            |     2 |     8 ||    10
         Punch             |       |     1 ||     1
         Staff             |       |     1 ||     1
   Cast: Magic Dart        |    56 |    74 ||   130
         Dazzling Flash    |       |     1 ||     1
         Searing Ray       |       |     2 ||     2
    Use: Potion            |     2 |       ||     2
 Armour: Robe              |     6 |    18 ||    24
  Dodge: Dodged            |     7 |    11 ||    18

Table legend: (Time is in decaauts)
 A = Elapsed time spent in this place.
 B = Non-inter-level travel time spent in this place.
 C = Inter-level travel time spent in this place.
 D = Time resting spent in this place.
 E = Time spent auto-exploring this place.
 F = Levels seen in this place.
 G = Mean time per level.
                   A        B        C        D        E       F      G
               +--------+--------+--------+--------+--------+-----+--------+
         Total |   3469 |   3315 |    154 |    282 |   2683 |   4 |  867.2 |
       Dungeon |   3469 |   3315 |    154 |    282 |   2683 |   4 |  867.2 |
               +--------+--------+--------+--------+--------+-----+--------+

Top non-repeatable levels by time:
     D:3: 1424 daAuts
     D:1: 875 daAuts
     D:2: 710 daAuts
     D:4: 459 daAuts
